 Dungeon Crawl Stone Soup version 0.19-a0-1021-g80cc50c (webtiles) character file.

235 epen the Ruffian (level 6, -1/52 HPs)
             Began as a Ghoul Chaos Knight on July 27, 2016.
             Slain by Menkaure (17 damage)
             ... on level 4 of the Dungeon.
             The game lasted 00:04:03 (3073 turns).

epen the Ruffian (Ghoul Chaos Knight)               Turns: 3073, Time: 00:04:04

Health: -1/52      AC:  6    Str: 18    XL:     6   Next: 5%
Magic:  5/5        EV: 11    Int:  7    God:    Xom [..*...]
Gold:   204        SH:  0    Dex:  8    Spells: 0 memorised, 5 levels left

rFire  . . .     SeeInvis .       - Unarmed
rCold  + . .     Gourm    .     a - +2 leather armour
rNeg   + + +     Faith    .     (no shield)
rPois  ∞         Spirit   .     (no helmet)
rElec  .         Dismiss  .     c - +0 cloak (curse)
rCorr  .         Reflect  .     (no gloves)
SustAt .         Harm     .     (no boots)
MR     .....                    (no amulet)
Stlth  +.........               (no ring)
                                s - ring of wizardry

@: rotting, not resistant to hostile enchantments, very unstealthy
A: rotting body, claws 1, carnivore 3, cold resistance 1, negative energy
resistance 3, slow regeneration 1, torment resistance, unbreathing
a: Renounce Religion


You were on level 4 of the Dungeon.
You worshipped Xom.
You were a toy of Xom.
You were not hungry.

You visited 1 branch of the dungeon, and saw 4 of its levels.

You collected 204 gold pieces.

Inventory:

Missiles
 w - a throwing net (quivered)
Armour
 a - a +2 leather armour (worn)
 c - a cursed +0 cloak (worn)
 t - a +0 ring mail of poison resistance
Rods
 j - a +0 iron rod (12/12)
   (You found it on level 2 of the Dungeon)
Jewellery
 s - a ring of wizardry (left claw)
Scrolls
 d - a scroll of amnesia {unknown}
 f - 2 scrolls of enchant weapon {unknown}
 g - a scroll of fear {unknown}
 i - 2 scrolls of remove curse {unknown}
 l - a scroll of noise {unknown}
 m - a scroll of fog {unknown}
 o - 2 scrolls of identify {unknown}
 p - a scroll of random uselessness {unknown}
 r - a scroll of blinking {unknown}
 v - a scroll of enchant armour {unknown}
Potions
 e - a potion of invisibility {unknown}
 h - a potion of berserk rage {unknown}
 k - a potion of flight {unknown}
 q - a potion of haste {unknown}
Books
 n - a book of Geomancy

   Spells                             Type                      Level
   a - Sandblast                      Earth                        1
   b - Passwall                       Transmutation/Earth          2
   c - Stone Arrow                    Conjuration/Earth            3
   d - Petrify                        Transmutation/Earth          4
   e - Lee's Rapid Deconstruction     Earth                        5
Comestibles
 b - 4 meat rations


   Skills:
 + Level 4.1 Fighting
 * Level 3.6 Armour
 + Level 1.9 Dodging
 * Level 4.9 Unarmed Combat


You had 5 spell levels left.
You didn't know any spells.

Dungeon Overview and Level Annotations

Branches:
Dungeon (4/15)
 Temple: D:4-7

Altars:
Fedhas
Nemelex Xobeh
Xom

Annotations:
D:4 Menkaure


Innate Abilities, Weirdness & Mutations

Your body is rotting away.
You thrive on raw meat.
You are immune to poison.
You have sharp fingernails.
You are carnivorous and can eat meat at any time.
Your flesh is cold resistant. (rC+)
You are immune to negative energy. (rN+++)
You regenerate slowly when monsters are visible.
You are immune to unholy pain and torment.
You can survive without breathing.


Message History

You barely miss Menkaure.
Menkaure is heavily damaged.
Menkaure closely misses you.
You scratch Menkaure.
Menkaure is heavily damaged.
You scratch Menkaure.
Menkaure is severely damaged.
Menkaure gestures wildly while chanting.
Menkaure seems to speed up.
You scratch Menkaure.
Menkaure is almost destroyed.
Menkaure hits you.
You scratch Menkaure but do no damage.
Menkaure is almost destroyed.
Menkaure misses you.
You scratch Menkaure.
Menkaure is almost destroyed.
Menkaure hits you!
You die... "This toy is broken."

#.####.####.#....###
#.####......'....#
#......####.#....#
#.####.# #.#.#.##
#.# #)#
#.#.#.####### ###
#.# #.#.#.......#
#.####.#.#######.#
#......#.#######.#
########..M@...#.#
#.#####.#.# #.#.#
#...# #####


You could see Menkaure.

Vanquished Creatures
  A howler monkey (D:4)
  An orc wizard (D:3)
  An orc priest (D:3)
  3 adders
  6 worms
  A dart slug (D:2)
  4 giant geckos
  3 orcs (D:3)
  4 giant cockroaches
  10 hobgoblins
  17 jackals (D:3)
  5 kobolds
  A quokka (D:3)
  4 bats
  A giant gecko skeleton (D:4)
  5 giant newts
  7 goblins
  A quokka skeleton (D:4)
  9 rats
84 creatures vanquished.

Vanquished Creatures (others)
  An adder (D:3)
  A worm (D:3)
  A jackal (D:3)
3 creatures vanquished.

Grand Total: 87 creatures vanquished

Notes
Turn   | Place    | Note
-------+----------+-------------------------------------------
     0 | D:1      | epen the Ghoul Chaos Knight began the quest for the Orb.
     0 | D:1      | Reached XP level 1. HP: 19/19 MP: 0/0
   164 | D:1      | XOM: cast spell 'Confusing Touch'
   170 | D:1      | Reached skill level 1 in Dodging
   253 | D:1      | Reached XP level 2. HP: 21/26 MP: 1/1
   836 | D:2      | XOM: divination: magic mapping
   837 | D:2      | Reached XP level 3. HP: 30/31 MP: 2/2
   886 | D:2      | XOM: harmless Conj miscast
   916 | D:2      | Found a blossoming altar of Fedhas.
  1014 | D:2      | XOM: cloud trail
  1087 | D:2      | XOM: divination: magic mapping
  1266 | D:2      | Reached XP level 4. HP: 33/38 MP: 3/3
  1439 | D:2      | XOM is BORED!
  1439 | D:2      | XOM: noise
  1748 | D:3      | XOM: destruction
  1974 | D:3      | XOM: scenery: create altars
  1994 | D:3      | Reached XP level 5. HP: 28/46 MP: 4/4
  2130 | D:3      | Found a sparkling altar of Nemelex Xobeh.
  2160 | D:3      | XOM: 1-stop teleportation journey
  2386 | D:3      | XOM is BORED!
  2386 | D:3      | XOM: severe Erth miscast
  2748 | D:4      | XOM: silly message
  2801 | D:4      | Reached XP level 6. HP: 35/52 MP: 5/5
  2994 | D:4      | XOM: noise
  3059 | D:4      | Noticed Menkaure
  3073 | D:4      | Slain by Menkaure

Vault maps used:
D:1:      matt_arrival_diagonals
D:2:      fedhas_altar_1
D:3:      lemuel_round_altar, first_bread
D:4:      nicolae_overflow_crystal_walls, gammafunk_temple_overflow_pools,
          uniq_menkaure

Skill      XL: |  1  2  3  4  5 |
---------------+----------------+-----
Dodging        | 1 |  1.9
Armour         | 2 3 |  3.6
Unarmed Combat | 4 |  4.9
Fighting       | 4 |  4.1

Action                   |  1- 3 |  4- 6 || total
-------------------------+-------+-------++-------
Melee: Unarmed           |   122 |   196 ||   318
       Punch             |       |     1 ||     1
 Stab: Sleeping          |       |     1 ||     1
  Eat: Chunk             |     4 |     8 ||    12
Armor: Leather armour    |    34 |    67 ||   101
Dodge: Dodged            |    68 |    91 ||   159
